 Dungeon Crawl Stone Soup version 0.30.1-11-g7821555f0a (webtiles) character file.

Game seed: 7143751466399947565

93 SacredBeard the Purveyor of Pain (level 4, -1/21 (32) HPs)
             Began as a Demonspawn Necromancer on Nov 4, 2023.
             Was an Initiate of Kikubaaqudgha.
             Slain by Edmund
             ... wielding a +4 flail of draining
              (10 damage)
             ... on level 4 of the Dungeon.
             The game lasted 00:08:40 (2776 turns).

SacredBeard the Purveyor of Pain (DsNe)             Turns: 2776, Time: 00:08:41

HP:   -1/21 (32)    AC: 12    Str:  8    XL:     4   Next: 37%
MP:   7/7           EV:  8    Int: 16    God:    Kikubaaqudgha [......]
Gold: 107           SH:  0    Dex: 16    Spells: 6/7 levels left

rFire   . . .        c - +0 dagger
rCold   . . .        (no shield)
rNeg    . . .        r - +5 scale mail "Woicil" {Rampage Will++ SInv Stlth-}
rPois   .            (no helmet)
rElec   .            (no cloak)
rCorr   .            v - +0 pair of gloves
SInv    +            (no boots)
Will    ++...        a - amulet of regeneration Stlth
                     (no ring)
HPRegen 1.03/turn    (no ring)
MPRegen 0.10/turn

%: rampage
@: mighty, very heavily drained
A: powered by pain 1
a: Renounce Religion


You were on level 4 of the Dungeon.
You worshipped Kikubaaqudgha.
Kikubaaqudgha was noncommittal.
You visited 2 branches of the dungeon, and saw 5 of its levels.

You collected 107 gold pieces.

Inventory:

Hand Weapons
 c - a +0 dagger (weapon)
Missiles
 o - 5 stones
 q - 11 poisoned darts
Armour
 r - the +5 scale mail "Woicil" (worn) {Rampage Will++ SInv Stlth-}
   (You found it on level 2 of the Dungeon)

   SInv:      It lets you see invisible.
   Rampage:   It bestows one free step when moving towards enemies.
   Will:      It greatly increases your willpower.
   Stlth:     It makes you less stealthy.
 v - a +0 pair of gloves (worn)
Jewellery
 a - an amulet of regeneration (around neck)
Wands
 u - a wand of digging (4)
 x - a wand of iceblast (13)
Scrolls
 d - a scroll of amnesia {unknown}
 j - 2 scrolls of butterflies {unknown}
 k - a scroll of immolation {unknown}
 l - 3 scrolls of poison {unknown}
 m - 2 scrolls of blinking {unknown}
 p - a scroll of enchant weapon {unknown}
 s - a scroll of teleportation {unknown}
 w - a scroll of noise {unknown}
Potions
 b - a potion of magic
 e - a potion of might {unknown}
 f - 3 potions of heal wounds {unknown}
 g - 2 potions of attraction {unknown}
 h - a potion of ambrosia {unknown}
 i - a potion of lignification {unknown}
 n - a potion of curing {unknown}
 t - a potion of berserk rage {unknown}


   Skills:
 + Level 1.1 Fighting
 + Level 0.4 Throwing
 + Level 1.1 Armour
 + Level 2.2 Dodging
 + Level 2.1 Stealth
 + Level 2.3 Spellcasting
 * Level 5.1 Necromancy


You had 6 spell levels left.
You knew the following spells:

 Your Spells              Type           Power      Damage    Failure   Level
a - Necrotise             Necr           72%        1d7       24%         1

Your spell library contained the following spells:

 Spells                   Type           Power      Damage    Failure   Level
 Vampiric Draining        Necr           18%        2d7       56%         3
 Beastly Appendage        Tmut           2%         N/A       89%         1
 Magic Dart               Conj           4%         1d3       89%         1
 Animate Dead             Necr           18%        N/A       93%         4
 Searing Ray              Conj           2%         2d4       96%         2
 Wereblood                Tmut           1%         N/A       96%         2
 Spider Form              Tmut/Pois      1%         N/A       99%         3
 Fulminant Prism          Conj/Hex       0%         3d5       100%        4
 Petrify                  Tmut/Erth      1%         N/A       100%        4
 Agony                    Necr           18%        N/A       100%        5
 Metabolic Englaciation   Hex/Ice        0%         N/A       100%        5
 Statue Form              Tmut/Erth      0%         N/A       100%        6


Dungeon Overview and Level Annotations

Branches:
Dungeon (4/15) Zot: 21421  Temple (1/1) D:4 Zot: 5801

Altars:
Ashenzari
Dithmenos
Gozag
Kikubaaqudgha
Makhleb
Nemelex Xobeh
Okawaru
Qazlal
Ru
Sif Muna
Vehumet
Xom
Yredelemnul

Annotations:
D:4 Edmund


Innate Abilities, Weirdness & Mutations

You sometimes gain a little power by taking damage.


Message History

You feel drained.
You closely miss Edmund.
Edmund is lightly wounded.
Edmund closely misses you.
You barely miss Edmund.
Edmund is lightly wounded.
Edmund hits you but does no damage.
You feel drained.
You hit Edmund.
Edmund is lightly wounded.
Edmund hits you with a +4 flail of draining!
You feel drained.
You hit Edmund.
Edmund is moderately wounded.
Edmund hits you with a +4 flail of draining.
You feel drained.
You hit Edmund.
Edmund is moderately wounded.
Edmund hits you but does no damage.
You feel drained.
You puncture Edmund!
Edmund is heavily wounded.
Edmund hits you but does no damage.
You feel drained.
You closely miss Edmund.
Edmund is heavily wounded.
Edmund hits you with a +4 flail of draining!
* * * LOW HITPOINT WARNING * * *
You feel drained.
* * * LOW HITPOINT WARNING * * *
Hit: c) +0 dagger
Press: ? - help, Dir - move target, f/p - Edmund
Aim: Edmund, wielding a +4 flail of draining and wearing a +0 scale mail of cold resistance (heavily wounded, about 32% to evade your +0 dagger)
Okay, then.
Okay, then.
Edmund closely misses you. Edmund barely misses you.
You see here a wand of iceblast (13).
x - a wand of iceblast (13) Edmund says, "I might not be good at magic, but I can still kill you!"
Edmund hits you with a +4 flail of draining!
You die...
Kikubaaqudgha rasps: "You have failed me!
Welcome... death!"

####.......
#..........
#..?.......
#..........
#........#
#........#
#........#
#####..@.....##
....!..@...)...
#########...###
...# ####


You could see Edmund.

Vanquished Creatures
  An adder (D:2)
  2 worms (D:2)
  2 dart slugs (D:1)
  2 orcs (D:3)
  7 endoplasms
  3 giant cockroaches
  6 goblins
  3 hobgoblins (D:1)
  A jackal (D:1)
  8 kobolds
  4 quokkas
  8 ball pythons
  3 bats
  4 frilled lizards
  8 rats
62 creatures vanquished.

Vanquished Creatures (collateral kills)
  A ball python (D:1)
  2 jackals (D:1)
  A rat (D:3)
4 creatures vanquished.

Grand Total: 66 creatures vanquished

Notes
Turn   | Place    | Note
-------+----------+-------------------------------------------
     0 | D:1      | SacredBeard the Demonspawn Necromancer began the quest for
                  | the Orb.
     0 | D:1      | Reached XP level 1. HP: 13/13 MP: 3/3
   126 | D:1      | Gained mutation: You sometimes gain a little power by
                  | taking damage. [demonic ancestry]
   126 | D:1      | Reached XP level 2. HP: 11/19 MP: 0/5
   527 | D:1      | Reached XP level 3. HP: 25/25 MP: 2/6
  1156 | D:2      | Reached skill level 5 in Necromancy
  1313 | D:2      | Reached skill level 1 in Fighting
  1313 | D:2      | Reached skill level 1 in Armour
  1658 | D:2      | Reached XP level 4. HP: 32/32 MP: 4/7
  1865 | D:2      | Identified the +5 scale mail "Woicil" {Rampage Will++ SInv
                  | Stlth-}
  2450 | D:3      | You fall into a shaft and drop 1 floor!
  2456 | D:4      | Found a staircase to the Ecumenical Temple.
  2491 | Temple   | Entered the Ecumenical Temple
  2637 | Temple   | Became a worshipper of Kikubaaqudgha
  2759 | D:4      | Noticed Edmund
  2776 | D:4      | Slain by Edmund

Illustrated notes

Levels and vault maps discovered:
D:1:      dpeg_arrival_subterranean_lakeside_camping, layout_loops_cross
D:2:      layout_basic, minmay_small_reverse_x
D:3:      layout_basic, old_standard_altar, amethyst_overflow_temple_binary,
          shapermc_ecumenical_altar_mp_vishouse
D:4:      layout_basic, nicolae_overflow_hidden_temple,
          minmay_temple_entry_waves, uniq_edmund
Temple:   nicolae_temple_superstar

Skill      XL: |  1  2  3 |
---------------+----------+-----
Dodging        | 2 |  2.2
Stealth        | 2 |  2.1
Necromancy     | 5 |  5.1
Fighting       | 1 |  1.1
Armour         | 1 |  1.1
Throwing       | |  0.4
Spellcasting   | |  2.3

Action                     |  1- 3 |  4- 6 || total
---------------------------+-------+-------++-------
  Melee: Dagger            |    31 |    50 ||    81
  Throw: Stone             |       |     5 ||     5
   Cast: Necrotise         |    77 |    29 ||   106
   Stab: Distracted        |     1 |       ||     1
 Armour: Robe              |     3 |       ||     3
         Leather armour    |     2 |       ||     2
         Scale mail        |       |    38 ||    38
  Dodge: Dodged            |    25 |    31 ||    56
